 Dungeon Crawl Stone Soup version 0.21.1-1-g345015f (webtiles) character file.

784 Fang the Chopper (level 7, 0/44 HPs)
             Began as a Gargoyle Berserker on May 30, 2018.
             Was a Priest of Trog.
             Slain by an iguana (8 damage)
             ... on level 6 of the Dungeon.
             The game lasted 00:03:52 (3565 turns).

Fang the Chopper (Gargoyle Berserker)               Turns: 3565, Time: 00:03:53

Health: 0/44       AC:  9    Str: 23    XL:     7   Next: 86%
Magic:  7/7        EV: 13    Int:  7    God:    Trog [***...]
Gold:   164        SH:  0    Dex:  9    Spells: 6/6 levels left

rFire    . . .     SeeInvis .   a - +0 hand axe
rCold    . . .     Gourm    .   (no shield)
rNeg     + . .     Faith    .   n - +2 robe {MR+}
rPois    ∞         Spirit   .   (no helmet)
rElec    +         Reflect  .   (no cloak)
rCorr    .         Harm     .   (no gloves)
MR       +....                  (no boots)
Stlth    +++.......             (no amulet)
HPRegen  0.14/turn              d - ring of stealth (curse)
MPRegen  0.10/turn              k - ring of wizardry

@: berserk cooldown, slowed, very slow
A: negative energy resistance 1, electricity resistance, unbreathing,
petrification resistance, rot immunity, AC +4
a: Berserk, Trog's Hand, Burn Spellbooks, Renounce Religion


You were on level 6 of the Dungeon.
You worshipped Trog.
Trog was most pleased with you.
You were near starving.

You visited 2 branches of the dungeon, and saw 7 of its levels.

You collected 164 gold pieces.

Inventory:

Hand Weapons
 a - a +0 hand axe (weapon)
Armour
 n - a +2 robe of magic resistance (worn)
Jewellery
 d - a cursed ring of stealth (left hand)
 k - a ring of wizardry (right hand)
 o - a cursed +3 ring of strength {unknown}
 q - an uncursed amulet of regeneration {unknown}
Wands
 t - a wand of iceblast (5)
Scrolls
 g - 4 scrolls of remove curse {unknown}
 h - a scroll of blinking {unknown}
 i - 4 scrolls of identify {unknown}
 m - 7 scrolls of teleportation {unknown}
 p - a scroll of magic mapping {unknown}
Potions
 b - 2 potions of agility {unknown}
 e - a potion of might {unknown}
 f - 5 potions of curing {unknown}
 j - 2 potions of heal wounds {unknown}
 l - 3 potions of invisibility {unknown}
 s - a potion of flight {unknown}
Comestibles
 c - 10 rations


   Skills:
 + Level 5.0 Fighting
 + Level 5.6 Axes
 + Level 2.3 Armour
 + Level 3.7 Dodging
 + Level 3.9 Stealth


You had 6 spell levels left.
You didn't know any spells.

Dungeon Overview and Level Annotations

Branches:
Dungeon (6/15)             Temple (1/1) D:4

Altars:
Ashenzari
Dithmenos
Elyvilon
Fedhas
Gozag
Hepliaklqana
Kikubaaqudgha
Makhleb
Nemelex Xobeh
Okawaru
Qazlal
Ru
Sif Muna
Trog
Uskayaw
Vehumet
Wu Jian
Xom
Yredelemnul
Zin
The Shining One

Shops:
D:4 *


Innate Abilities, Weirdness & Mutations

You are resistant to torment.
Your stone body is resilient. (AC +4)
You are immune to poison.
You resist negative energy. (rN+)
You are resistant to electric shocks. (rElec)
You can survive without breathing.
You are immune to petrification.
You are immune to rotting.


Message History

The bullfrog is moderately wounded.
The bullfrog completely misses you. The gnoll closely misses you.
The bullfrog hits you but does no damage.
The gnoll misses you. The gnoll hits you but does no damage.
Unknown command.
You closely miss the bullfrog.
The bullfrog is moderately wounded.
The bullfrog hits you.
The gnoll hits you from afar with a spear.
* * * LOW HITPOINT WARNING * * *
The bullfrog closely misses you. The gnoll completely misses you.
The gnoll misses you.
You hit the bullfrog.
The bullfrog is heavily wounded.
You hit the iguana but do no damage. The bullfrog closely misses you.
The iguana closely misses you. The bullfrog completely misses you.
The gnoll hits you from afar with a spear.
* * * LOW HITPOINT WARNING * * *
The gnoll barely misses you. The iguana bites you!
You die...

......W......#
............. #.
............ ..!.
...........####....##.#
...................##.#
......g............##.#
......)†...........##.#
.....g)@...........##.##
.......Fl...........[...
........................
.......!.............)..
#..#....##.........#####
#. #>...##.####....# .
#.....#.# #....#
##....#.# #....# #. ...
#....#


You could see a phantom (wandering), a bullfrog, an iguana and 2 gnolls.

Vanquished Creatures
  Sigmund (D:2)
  A necrophage (D:6)
  A howler monkey (D:4)
  A crimson imp (D:4)
  An orc priest (D:4)
  2 hounds
  A jelly (D:6)
  A gnoll shaman (D:6)
  An iguana (D:6)
  3 worker ants (D:4)
  A worker ant zombie (D:6)
  6 adders
  6 gnolls
  An ooze (D:4)
  A worm (D:3)
  3 dart slugs (D:1)
  A leopard gecko (D:3)
  5 orcs
  2 ball pythons
  5 giant cockroaches
  11 goblins
  6 hobgoblins
  3 jackals (D:4)
  10 kobolds
  A quokka (D:3)
  4 bats
  6 frilled lizards
  2 jackal skeletons
  A jackal zombie (D:3)
  5 rats
93 creatures vanquished.

Notes
Turn   | Place    | Note
-------+----------+-------------------------------------------
     0 | D:1      | Fang the Gargoyle Berserker began the quest for the Orb.
     0 | D:1      | Reached XP level 1. HP: 14/14 MP: 1/1
   100 | D:1      | Reached XP level 2. HP: 19/19 MP: 2/2
   337 | D:1      | Reached XP level 3. HP: 12/24 MP: 3/3
   801 | D:2      | Found a faded altar of an unknown god.
   924 | D:2      | Reached skill level 1 in Stealth
   927 | D:2      | Reached ** piety under Trog
   941 | D:2      | Noticed Sigmund
  1120 | D:2      | Killed Sigmund
  1120 | D:2      | Reached XP level 4. HP: 30/30 MP: 4/4
  1120 | D:2      | Reached XP level 5. HP: 34/34 MP: 5/5
  1251 | D:2      | Reached XP level 6. HP: 35/39 MP: 6/6
  2582 | D:4      | Reached *** piety under Trog
  2599 | D:4      | Found a staircase to the Ecumenical Temple.
  2731 | D:4      | Reached XP level 7. HP: 44/44 MP: 7/7
  2865 | D:4      | Found a sparkling altar of Nemelex Xobeh.
  2960 | D:4      | Found a radiant altar of Vehumet.
  2961 | D:4      | Found a burning altar of Makhleb.
  2975 | D:4      | Reached skill level 5 in Axes
  3038 | D:4      | Found Durreumn's General Store.
  3276 | Temple   | Entered the Ecumenical Temple
  3397 | D:5      | Entered Level 5 of the Dungeon
  3552 | D:6      | Reached skill level 5 in Fighting
  3565 | D:6      | Slain by an iguana

Skill      XL: |  1  2  3  4  5  6  7 |
---------------+----------------------+-----
Axes           | 3 4 5 |  5.6
Dodging        | 2 3 |  3.7
Stealth        | 2 3 |  3.9
Fighting       | 4 5 |  5.0
Armour         | |  2.3

Action                   |  1- 3 |  4- 6 |  7- 9 || total
-------------------------+-------+-------+-------++-------
Melee: Hand axe          |   124 |   172 |    88 ||   384
Invok: Berserk           |     1 |     1 |     1 ||     3
 Stab: Sleeping          |     5 |     9 |     2 ||    16
  Eat: Chunk             |       |     4 |     3 ||     7
       Ration            |       |     1 |       ||     1
Armor: Animal skin       |    53 |       |       ||    53
       Robe              |       |    54 |    47 ||   101
Dodge: Dodged            |    85 |   103 |    91 ||   279
